 Dungeon Crawl Stone Soup version 0.22-a0-430-g6609fc6 (webtiles) character file.

17 Gorglomux the Ducker (level 2, -1/16 HPs)
             Began as a Spriggan Berserker on May 26, 2018.
             Slain by a polar bear (3 damage)
             ... created by the rage of Trog
             ... on level 2 of the Dungeon.
             The game lasted 00:02:25 (945 turns).

Gorglomux the Ducker (Spriggan Berserker)            Turns: 945, Time: 00:02:26

Health: -1/16      AC:  2    Str: 13    XL:     2   Next: 44%
Magic:  12/12      EV: 20    Int:  8    God:
Gold:   68         SH:  0    Dex: 15    Spells: 1/1 levels left

rFire    . . .     SeeInvis +   a - +0 short sword
rCold    . . .     Gourm    .   (shield restricted)
rNeg     . . .     Faith    .   b - +0 animal skin
rPois    .         Spirit   .   (helmet restricted)
rElec    .         Reflect  .   (no cloak)
rCorr    .         Harm     .   (gloves unavailable)
MR       .....                  (boots unavailable)
Stlth    +.........             (no amulet)
HPRegen  0.05/turn              i - ring of magical power
MPRegen  0.13/turn              k - ring of loudness (curse)

@: hasted, very quick
A: very small, unfitting armour, see invisible, herbivore, speed 3, slow
metabolism 2
a: no special abilities


You were on level 2 of the Dungeon.
You were not hungry.

You visited 1 branch of the dungeon, and saw 2 of its levels.

You collected 68 gold pieces.

Inventory:

Hand Weapons
 a - a +0 short sword (weapon)
Missiles
 e - 41 stones (quivered)
Armour
 b - a +0 animal skin (worn)
Jewellery
 i - a ring of magical power (left hand)
 k - a cursed ring of loudness (right hand)
Scrolls
 d - 2 scrolls of blinking {unknown}
 g - 4 scrolls of identify {unknown}
Potions
 f - a potion of haste
 h - a potion of might {unknown}
 j - a potion of curing {unknown}
Comestibles
 c - 2 rations


   Skills:
 - Level 2.4 Fighting
 - Level 3.2 Short Blades
 + Level 5.2 Dodging
 - Level 2.2 Stealth


You had one spell level left.
You didn't know any spells.
Your spell library was empty.

Dungeon Overview and Level Annotations

Branches:
Dungeon (2/15)

Altars:


Innate Abilities, Weirdness & Mutations

You are very small and have problems with some larger weapons.
You are too small for most types of armour.
You have supernaturally acute eyesight. (SInv)
You are a herbivore.
You cover ground extremely quickly.
You need to consume almost no food.


Message History

You spit the butt cockroach but do no damage!
The giant cockroach completely misses you!
You skewer the giant cockroach but do no damage!
The giant cockroach misses you!
You spit the giant cockroach like a pig!
You annihilate the giant cockroach!!!
You closely miss the kobold! The kobold hits you but does no damage!
You closely miss the kobold! The kobold barely misses you!
Trog sends butts to punish you! 2 polar bears and a black bear come into view!
You spit the kobold but do no damage!
The kobold hits you with an enchanted short sword! * * * butt't die
* * * Unknown command!
It was a potion of haste!
You feel yourself speed up! The polar bear misses you!
The polar bear claws you! * * * don't die
* * * The polar bear butt-ly misses you!
The polar bear barely misses you! The polar bear claws you! rip

### ..# #.#
#.#
#.#####..
#hhh.....
#@#####.#
#K#<....####
#K#<##......
#...(.......
#...)#...#..
#....# ....#
##...# .##.
....# ..
.....# ..


You could see 2 polar bears, a black bear (berserk) and 2 kobolds.

Vanquished Creatures
  A dart slug (D:1)
  3 giant cockroaches
  A goblin (D:1)
  A hobgoblin (D:1)
  A ball python (D:1)
  2 bats (D:1)
  A frilled lizard (D:1)
  4 kobolds
  A rat (D:1)
15 creatures vanquished.

Notes
Turn   | Place    | Note
-------+----------+-------------------------------------------
     0 | D:1      | Gorglomux the Spriggan Berserker began the quest for the Orb.
     0 | D:1      | Reached XP level 1. HP: 11/11 MP: 2/2
    14 | D:1      | Fell from the grace of Trog
   167 | D:1      | Reached skill level 1 in Stealth
   592 | D:1      | Reached XP level 2. HP: 16/16 MP: 3/3
   638 | D:1      | Reached skill level 5 in Dodging
   944 | D:2      | Noticed a polar bear
   944 | D:2      | Noticed a black bear
   944 | D:2      | Noticed a polar bear
   945 | D:2      | Slain by a polar bear

Vault maps used:
D:1:      dpeg_arrival_chambers_temple_mockup
D:2:      nicolae_overflow_crystal_walls, gammafunk_temple_overflow_arena,
          chequers_temple_overflow_minitemple, first_ration, uniq_natasha,
          uniq_jessica

Skill      XL: |  1  2 |
---------------+-------+-----
Stealth        | 1 2 |  2.2
Dodging        | 5 |  5.2
Fighting       | |  2.4
Short Blades   | |  3.2

Action                   || total
-------------------------++-------
Melee: Short sword       ||    55
Throw: Stone             ||     2
Invok: Renounce Religion ||     1
  Use: Potion            ||     1
 Stab: Sleeping          ||     3
Armor: Animal skin       ||     9
Dodge: Dodged            ||    48

Table legend:
 A = Spawn XP
 B = Non-spawn XP
 C = Spawn XP percentage of total XP
 D = Spawn monster count
 E = Non-spawn monster count
 F = Spawn count percentage of total count
 G = Total turns spent on level
                    A         B        C        D         E        F      G
               +---------+---------+-------+---------+---------+-------+---------
         Total |       0 |      25 |   0.0 |       0 |      15 |   0.0 |   945
               +---------+---------+-------+---------+---------+-------+---------
           D:1 |       0 |      22 |   0.0 |       0 |      13 |   0.0 |   921
           D:2 |       0 |       3 |   0.0 |       0 |       2 |   0.0 |    24
               +---------+---------+-------+---------+---------+-------+---------
